 Dungeon Crawl Stone Soup version 0.26-a0-651-gb41185065b (webtiles) character file.

Game seed: 5550141817668635277

158 Irenicus the Digger (level 5, -3/42 HPs)
             Began as a Deep Dwarf Earth Elementalist on Oct 18, 2020.
             Slain by Blork the orc
             ... wielding a +0 dire flail of protection
              (13 damage)
             ... on level 4 of the Dungeon.
             The game lasted 00:09:06 (1555 turns).

Irenicus the Digger (Deep Dwarf Earth Elementalist) Turns: 1555, Time: 00:09:07

Health: -3/42      AC:  5    Str: 12      XL:     5   Next: 16%
Magic:  0/8        EV: 11    Int: 16      God:
Gold:   139        SH:  0    Dex: 12 (13) Spells: 5/8 levels left

rFire    . . .     SeeInvis .   a - +0 club
rCold    . . .     Faith    .   (no shield)
rNeg     . . .     Spirit   .   r - +0 ring mail
rPois    +         Reflect  .   (no helmet)
rElec    .         Harm     .   (no cloak)
rCorr    .         Rampage  .   (no gloves)
MR       +....                  (no boots)
Stlth    +.........             (no amulet)
HPRegen  0.00/turn              m - ring of protection from magic {MR+, !d}
MPRegen  0.11/turn              t - ring of poison resistance {rPois, !d}

@: non-regenerating
A: damage resistance, heal wounds, sense surroundings 1, no regeneration
a: Heal Wounds


You were on level 4 of the Dungeon.
You visited 2 branches of the dungeon, and saw 5 of its levels.

You collected 139 gold pieces.

Inventory:

Hand Weapons
 a - a +0 club (weapon)
   (You took it off a kobold on level 1 of the Dungeon)
 g - a cursed -2 dagger
   (You found it on level 2 of the Dungeon)
Missiles
 b - 10 stones (quivered)
Armour
 r - a +0 ring mail (worn)
   (You found it on level 3 of the Dungeon)
Jewellery
 j - an uncursed ring of ice {rC+, rF-}
   (You found it on level 2 of the Dungeon)
 m - a ring of protection from magic (left hand) {MR+, !d}
   (You found it on level 2 of the Dungeon)
 t - a ring of poison resistance (right hand) {rPois, !d}
   (You found it on level 4 of the Dungeon)
Wands
 n - a wand of acid (7)
   (You found it on level 2 of the Dungeon)
Scrolls
 d - a scroll of magic mapping {!r}
 e - 3 scrolls of identify {unknown}
 h - 5 scrolls of teleportation {unknown}
 k - a scroll of immolation {unknown}
 l - a scroll of enchant weapon {unknown}
 p - a scroll of remove curse {unknown}
 s - a scroll of fear {unknown}
 u - a scroll of fog {unknown}
Potions
 f - a potion of mutation {unknown}
 i - 2 potions of curing
 o - a potion of magic {unknown}
 q - a potion of haste {unknown}


   Skills:
 - Level 2.1 Dodging
 - Level 2.4 Stealth
 - Level 2.0 Spellcasting
 - Level 0.8 Transmutations
 + Level 7.6 Earth Magic


You had 5 spell levels left.
You knew the following spells:

 Your Spells              Type           Power        Failure   Level
a - Sandblast             Erth           ####..       1%          1
w - Passwall              Tmut/Erth      ###.....     12%         2

Your spell library contained the following spells:

 Spells                   Type           Power        Failure   Level
 Stone Arrow              Conj/Erth      ##....       28%         3
 Lee's Rapid Deconstruct  Erth           ####......   50%         5
 Petrify                  Tmut/Erth      ###.....     63%         4


Dungeon Overview and Level Annotations

Branches:
Dungeon (4/15)             Temple (1/1) D:4

Altars:
Ashenzari
Dithmenos
Elyvilon
Gozag
Hepliaklqana
Kikubaaqudgha
Okawaru
Qazlal
Ru
Trog
Uskayaw
Wu Jian
Xom
Yredelemnul
The Shining One

Annotations:
D:4 Blork the orc


Innate Abilities, Weirdness & Mutations

You are resistant to damage.
You can heal yourself by infusing magical energy.
You passively map a small area around you.
You do not regenerate.


Message History

You destroy the centaur skeleton!
You have reached level 5!
b - 18 stones You regained 3 hp, and now have 21/42 hp.
You now have 3/8 mp.
You now have 139 gold pieces (gained 13).
Found a stone staircase leading down.
You start removing your armour.
You continue taking off your +0 robe. x4
You finish taking off your +0 robe.
You start putting on your armour.
You continue putting on your ring mail. x5
You finish putting on your +0 ring mail.
Drop what? 21/52 slots (_ for help) (? for menu, Esc to quit)
You drop a +0 robe.
Press: ? - help, . - travel, g - get item You can't see that place. [Stash: a ring mail (...1)] [the floor.] Blork the orc comes into view.
He is wielding a +0 dire flail of protection.
Marking area around Blork the orc as unsafe for travelling.
Casting: Sandblast (safe; 1% risk of failure)
Confirm with . or Enter, or press ? or * to list all spells.
Aiming: Sandblast (safe; 1% risk of failure)
Press: ? - help, Shift-Dir - straight line, f - Blork the orc
Aim: Blork the orc, wielding a +0 dire flail of protection and wearing a +0 robe (asleep)
The blast of sand hits Blork the orc.
Blork the orc is lightly wounded.
Blork the orc shouts!
b - 17 stones You now have 6/8 mp.
Casting: Sandblast (safe; 1% risk of failure)
Confirm with . or Enter, or press ? or * to list all spells.
Aiming: Sandblast (safe; 1% risk of failure)
Press: ? - help, Shift-Dir - straight line, f/p - Blork the orc
Aim: Blork the orc, wielding a +0 dire flail of protection and wearing a +0 robe (lightly wounded)
The blast of sand hits Blork the orc!
Blork the orc is moderately wounded.
b - 16 stones You now have 5/8 mp.
Casting: Sandblast (safe; 1% risk of failure)
Confirm with . or Enter, or press ? or * to list all spells.
Aiming: Sandblast (safe; 1% risk of failure)
Press: ? - help, Shift-Dir - straight line, f/p - Blork the orc
Aim: Blork the orc, wielding a +0 dire flail of protection and wearing a +0 robe (moderately wounded)
The blast of sand hits Blork the orc!
Blork the orc is heavily wounded.
b - 15 stones Blork the orc points at you and mumbles some strange words.
The puff of flame hits you!
* * * LOW HITPOINT WARNING * * *
You take 9 damage, and have 12/42 hp.
MASSIVE DAMAGE!!
Casting: Sandblast (safe; 1% risk of failure)
Confirm with . or Enter, or press ? or * to list all spells.
Aiming: Sandblast (safe; 1% risk of failure)
Press: ? - help, Shift-Dir - straight line, f/p - Blork the orc
Aim: Blork the orc, wielding a +0 dire flail of protection and wearing a +0 robe (heavily wounded)
The blast of sand misses Blork the orc.
b - 14 stones Blork the orc hits you but does no damage.
You now have 4/8 mp.
Casting: Sandblast (safe; 1% risk of failure)
Confirm with . or Enter, or press ? or * to list all spells.
Aiming: Sandblast (safe; 1% risk of failure)
Press: ? - help, Shift-Dir - straight line, f/p - Blork the orc
Aim: Blork the orc, wielding a +0 dire flail of protection and wearing a +0 robe (heavily wounded)
The blast of sand hits Blork the orc but does no damage.
Blork the orc is heavily wounded.
b - 13 stones Blork the orc hits you with a +0 dire flail of protection.
* * * LOW HITPOINT WARNING * * *
You take 2 damage, and have 10/42 hp.
You now have 3/8 mp.
Casting: Sandblast (safe; 1% risk of failure)
Confirm with . or Enter, or press ? or * to list all spells.
Aiming: Sandblast (safe; 1% risk of failure)
Press: ? - help, Shift-Dir - straight line, f/p - Blork the orc
Aim: Blork the orc, wielding a +0 dire flail of protection and wearing a +0 robe (heavily wounded)
The blast of sand hits Blork the orc!
Blork the orc is almost dead.
b - 12 stones Blork the orc gestures at you while chanting.
The puff of frost hits you.
You now have 2/8 mp.
Casting: Sandblast (safe; 1% risk of failure)
Confirm with . or Enter, or press ? or * to list all spells.
Aiming: Sandblast (safe; 1% risk of failure)
Press: ? - help, Shift-Dir - straight line, f/p - Blork the orc
Aim: Blork the orc, wielding a +0 dire flail of protection and wearing a +0 robe (almost dead)
The blast of sand hits Blork the orc but does no damage.
Blork the orc is almost dead.
b - 11 stones Blork the orc barely misses you.
You now have 1/8 mp.
Casting: Sandblast (safe; 1% risk of failure)
Confirm with . or Enter, or press ? or * to list all spells.
Aiming: Sandblast (safe; 1% risk of failure)
Press: ? - help, Shift-Dir - straight line, f/p - Blork the orc
Aim: Blork the orc, wielding a +0 dire flail of protection and wearing a +0 robe (almost dead)
The blast of sand misses Blork the orc.
b - 10 stones Blork the orc hits you with a +0 dire flail of protection!
You die...

, , *, * ,* , , * ,
######.##., , #########
#.@o...... #.......#
###.####.... , ##.....>.#
##.#.#### .#., * *
......##.# #[......# .# ..
##.##.##.####.#.##.#..#!##
*
...##.........#.##.#......
#.......[######$......#, ,
, ...#####.# ####.#### *
..# #.....[..# #.# ...#


You could see Blork the orc.

Vanquished Creatures
  A centaur skeleton (D:4)
  A worker ant (D:4)
  3 gnolls (D:3)
  3 adders
  A worm (D:4)
  A dart slug (D:3)
  4 orcs
  6 bats
  A giant cockroach (D:3)
  4 goblins
  7 hobgoblins
  A ball python (D:1)
  6 frilled lizards
  6 kobolds
45 creatures vanquished.

Notes
Turn   | Place    | Note
-------+----------+-------------------------------------------
     0 | D:1      | Irenicus the Deep Dwarf Earth Elementalist began the quest
                  | for the Orb.
     0 | D:1      | Reached XP level 1. HP: 15/15 MP: 3/3
   177 | D:1      | Reached skill level 2 in Spellcasting
   224 | D:1      | Reached XP level 2. HP: 17/22 MP: 3/5
   354 | D:2      | Reached skill level 5 in Earth Magic
   498 | D:2      | Reached XP level 3. HP: 24/28 MP: 0/6
   762 | D:2      | Learned a level 2 spell: Passwall
   805 | D:2      | Found a faded altar of an unknown god.
   884 | D:3      | Reached skill level 6 in Earth Magic
   902 | D:3      | Reached XP level 4. HP: 25/36 MP: 0/7
   989 | D:3      | Found a glowing golden altar of the Shining One.
  1282 | D:4      | HP: 9/36 [orc priest/divine providence (8)]
  1358 | D:4      | Found a staircase to the Ecumenical Temple.
  1368 | Temple   | Entered the Ecumenical Temple
  1469 | D:4      | Reached skill level 7 in Earth Magic
  1482 | D:4      | Found a shadowy altar of Dithmenos.
  1482 | D:4      | Found a broken altar of Ashenzari.
  1508 | D:4      | Reached XP level 5. HP: 21/42 MP: 3/8
  1546 | D:4      | Noticed Blork the orc
  1552 | D:4      | HP: 10/42 [Blork the orc/+0 dire flail of protection (2)]
  1555 | D:4      | Slain by Blork the orc

Illustrated notes

Levels and vault maps discovered:
D:1:      lightli_arrival_noodles, layout_basic
D:2:      layout_basic, chequers_ecumenical_altar_simple_redux
D:3:      layout_loops_ring, tso_oasis_becter
D:4:      layout_loops_cross, grunt_temple_overflow_lords_of_destruction,
          gammafunk_temple_overflow_elements, minmay_temple_entry_waves,
          uniq_blork_the_orc
Temple:   chequers_temple_sunken

Skill      XL: |  1  2  3  4 |
---------------+-------------+-----
Spellcasting   | 2 |  2.0
Earth Magic    | 5 6 7 |  7.6
Dodging        | |  2.1
Stealth        | |  2.4
Transmutations | |  0.8

Action                   |  1- 3 |  4- 6 || total
-------------------------+-------+-------++-------
Melee: Club              |    16 |    10 ||    26
 Cast: Sandblast         |    44 |    47 ||    91
       Passwall          |     1 |       ||     1
Evoke: Wand              |       |     1 ||     1
  Use: Potion            |     2 |     2 ||     4
       Scroll            |     1 |     1 ||     2
 Stab: Sleeping          |       |     1 ||     1
Armor: Robe              |    15 |    11 ||    26
       Ring mail         |       |     1 ||     1
Dodge: Dodged            |    29 |    35 ||    64

Table legend: (Time is in decaauts)
 A = Elapsed time spent in this place.
 B = Non-inter-level travel time spent in this place.
 C = Inter-level travel time spent in this place.
 D = Time resting spent in this place.
 E = Time spent auto-exploring this place.
 F = Levels seen in this place.
 G = Mean time per level.
                   A        B        C        D        E       F      G
               +--------+--------+--------+--------+--------+-----+--------+
         Total |   1574 |   1543 |     31 |      0 |      0 |   5 |  314.8 |
       Dungeon |   1513 |   1502 |     11 |      0 |      0 |   4 |  378.2 |
        Temple |     61 |     42 |     19 |      0 |      0 |   1 |   61.0 |
               +--------+--------+--------+--------+--------+-----+--------+

Top non-repeatable levels by time:
     D:2: 436 daAuts
     D:1: 410 daAuts
     D:3: 374 daAuts
     D:4: 290 daAuts
  Temple: 61 daAuts

Table legend:
 A = Kills in this place as a percentage of kills in entire the game.
 B = Kills by you in this place as a percentage of kills by you in the entire game.
 C = Kills by friends in this place as a percentage of kills by friends in the entire game.
 D = Other kills in this place as a percentage of other kills in the entire game.
 E = Experience gained in this place as a percentage of experience gained in the entire game.
 F = Experience gained in this place divided by the number of levels of this place that you have seen.
                   A       B       C       D       E      F
               +-------+-------+-------+-------+-------+----------------------
         Total | 100.0 | 100.0 |   N/A |   N/A | 100.0 |  45.4
       Dungeon | 100.0 | 100.0 |   N/A |   N/A | 100.0 |  56.8
               +-------+-------+-------+-------+-------+----------------------
